BLB
TORONTO CANADIANS @ PAWTUCKET PATRIOTS
05/09/2060
 
TOP OF THE 1ST
Toronto Canadians batting - Pitching for Pawtucket Patriots : RHP Marc Dillard
Pitching: RHP Marc Dillard
Batting: LHB Chase Calhoun 0-0: Called Strike
0-1: Foul Ball, location: 2F
0-2: Ball
1-2: Strikes out swinging
Batting: RHB Olin Keele 0-0: Ball
1-0: Ball
2-0: Called Strike
2-1: Foul Ball, location: 2F
2-2: Ground out U3 (Groundball, 3L, EV 80.0 MPH)
Batting: LHB Romeo Nester 0-0: Ball
1-0: Ball
2-0: Called Strike
2-1: Foul Ball, location: 2F
2-2: Ball
3-2: Strikes out looking
Top of the 1st over - 0 runs, 0 hits, 0 errors, 0 left on base; Toronto 0 - Pawtucket 0
BOTTOM OF THE 1ST
Pawtucket Patriots batting - Pitching for Toronto Canadians : LHP Owen Ward
Pitching: LHP Owen Ward
Batting: RHB Keith Friday 0-0: Ball
1-0: Called Strike
1-1: Foul Ball, location: 2F
1-2: Strikes out swinging
Batting: SHB Jaden Maldonado 0-0: Called Strike
0-1: Ball
1-1: SOLO HOME RUN (Flyball, 78XD, EV 98.8 MPH), Distance : 399 ft
Batting: RHB Carter Kocher 0-0: Ball
1-0: Ball
2-0: Called Strike
2-1: Ball
3-1: Fly out, F9 (Flyball, 89M, EV 90.0 MPH)
Batting: RHB Burgess Nalivkin 0-0: Swinging Strike
0-1: Ball
1-1: Foul Ball, location: 2F
1-2: Foul Ball, location: 2F
1-2: Foul Ball, location: 2F
1-2: Ball
2-2: Strikes out swinging
Bottom of the 1st over - 1 run, 1 hit, 0 errors, 0 left on base; Toronto 0 - Pawtucket 1
TOP OF THE 2ND
Toronto Canadians batting - Pitching for Pawtucket Patriots : RHP Marc Dillard
Batting: LHB Braden Tallman 0-0: Ball
1-0: Ground out 4-3 (Groundball, 4, EV 88.8 MPH)
Batting: LHB Reese Bowman 0-0: Ball
1-0: SINGLE (Groundball, 34D, EV 98.8 MPH)
Batting: RHB Keon Pryor 0-0: Ball
Reese Bowman steals 2nd base (no throw)
1-0: SINGLE (Groundball, 56D, EV 98.8 MPH)
Reese Bowman to third
Batting: RHB Dave Root 0-0: Ball
Keon Pryor is caught stealing 2nd base 2-4
1-0: Foul Ball, location: 2F
1-1: Swinging Strike
1-2: Foul Ball, location: 2F
1-2: Ball
2-2: Ball
3-2: Ground out 6-3 (Groundball, 6, EV 80.6 MPH)
Top of the 2nd over - 0 runs, 2 hits, 0 errors, 1 left on base; Toronto 0 - Pawtucket 1
BOTTOM OF THE 2ND
Pawtucket Patriots batting - Pitching for Toronto Canadians : LHP Owen Ward
Batting: RHB Logan Kyle 0-0: Fly out, F8 (Flyball, 78XD, EV 75.6 MPH)
Batting: RHB Brayden Carlson 0-0: Swinging Strike
0-1: Ball
1-1: Foul Ball, location: 2F
1-2: Ground out 4-3 (Groundball, 34, EV 86.9 MPH)
Batting: LHB Benjamin Guy 0-0: Called Strike
0-1: Swinging Strike
0-2: Strikes out swinging
Bottom of the 2nd over - 0 runs, 0 hits, 0 errors, 0 left on base; Toronto 0 - Pawtucket 1
TOP OF THE 3RD
Toronto Canadians batting - Pitching for Pawtucket Patriots : RHP Marc Dillard
Batting: RHB Dave Babb 0-0: Called Strike
0-1: Ball
1-1: Ball
2-1: Foul Ball, location: 2F
2-2: Ground out 5-3 (Groundball, 5, EV 88.1 MPH)
Batting: RHB Ryan De Faria 0-0: Called Strike
0-1: Ball
1-1: Ball
2-1: Swinging Strike
2-2: Fly out, F9 (Flyball, 9, EV 98.8 MPH)
Batting: LHB Chase Calhoun 0-0: Ball
1-0: Fly out, F7 (Flyball, 7, EV 85.6 MPH)
Top of the 3rd over - 0 runs, 0 hits, 0 errors, 0 left on base; Toronto 0 - Pawtucket 1
BOTTOM OF THE 3RD
Pawtucket Patriots batting - Pitching for Toronto Canadians : LHP Owen Ward
Batting: SHB Cody Janway 0-0: Ball
1-0: Ball
2-0: Foul Ball, location: 2F
2-1: Ball
3-1: Base on Balls
Batting: RHB Paxton Barnett 0-0: Swinging Strike
0-1: Ball
Cody Janway is caught stealing 2nd base 2-4
1-1: Ground out 4-3 (Groundball, 4, EV 83.1 MPH)
Batting: RHB Keith Friday 0-0: Foul Ball, location: 2F
0-1: Swinging Strike
0-2: Ground out 4-3 (Groundball, 34D, EV 87.5 MPH)
Bottom of the 3rd over - 0 runs, 0 hits, 0 errors, 0 left on base; Toronto 0 - Pawtucket 1
TOP OF THE 4TH
Toronto Canadians batting - Pitching for Pawtucket Patriots : RHP Marc Dillard
Batting: RHB Olin Keele 0-0: Ball
1-0: Swinging Strike
1-1: SINGLE (Line Drive, 7S, EV 98.1 MPH)
Batting: LHB Romeo Nester 0-0: Ground out U3 (Groundball, 3, EV 83.1 MPH)
Olin Keele to second
Batting: LHB Braden Tallman 0-0: Ball
Olin Keele steals 3rd base (no throw)
1-0: Fly out, F7 (Flyball, 78S, EV 81.2 MPH)
Batting: LHB Reese Bowman 0-0: Ball
1-0: Foul Ball, location: 2F
1-1: Foul Ball, location: 2F
1-2: Foul Ball, location: 2F
1-2: Foul Ball, location: 2F
1-2: Foul Ball, location: 2F
1-2: Strikes out swinging
Top of the 4th over - 0 runs, 1 hit, 0 errors, 1 left on base; Toronto 0 - Pawtucket 1
BOTTOM OF THE 4TH
Pawtucket Patriots batting - Pitching for Toronto Canadians : LHP Owen Ward
Batting: SHB Jaden Maldonado 0-0: Ground out 4-3 (Groundball, 4, EV 106.9 MPH)
Batting: RHB Carter Kocher 0-0: Ball
1-0: Ball
2-0: Ball
3-0: SINGLE (Flyball, 89S, EV 86.9 MPH)
Batting: RHB Burgess Nalivkin 0-0: 2-RUN HOME RUN (Flyball, 78XD, EV 96.2 MPH), Distance : 385 ft
Batting: RHB Logan Kyle 0-0: SINGLE (Line Drive, 34, EV 95.6 MPH)
Batting: RHB Brayden Carlson 0-0: Foul Ball, location: 2F
0-1: Foul Ball, location: 2F
0-2: Foul Ball, location: 2F
0-2: Ball
1-2: Reached on error, E2 (Groundball, 2L, EV 67.5 MPH)
Logan Kyle to second
Batting: LHB Benjamin Guy 0-0: Foul Ball, location: 2F
0-1: Called Strike
0-2: Ball
1-2: Strikes out swinging
Batting: SHB Cody Janway 0-0: Ball
1-0: Foul Ball, location: 2F
1-1: Swinging Strike
1-2: Strikes out swinging
Bottom of the 4th over - 2 runs, 3 hits, 1 error, 2 left on base; Toronto 0 - Pawtucket 3
TOP OF THE 5TH
Toronto Canadians batting - Pitching for Pawtucket Patriots : RHP Marc Dillard
Batting: RHB Keon Pryor 0-0: Ball
1-0: Ball
2-0: Called Strike
2-1: Ball
3-1: Foul Ball, location: 2F
3-2: Fly out, F8 (Line Drive, 78M, EV 97.5 MPH)
Batting: RHB Dave Root 0-0: Foul Ball, location: 2F
0-1: Ball
1-1: Swinging Strike
1-2: Ground out 1-3 (Groundball, 34S, EV 72.5 MPH)
Batting: RHB Dave Babb 0-0: Called Strike
0-1: Ball
1-1: Foul Ball, location: 2F
1-2: Foul Ball, location: 2F
1-2: Ball
2-2: Strikes out swinging
Top of the 5th over - 0 runs, 0 hits, 0 errors, 0 left on base; Toronto 0 - Pawtucket 3
BOTTOM OF THE 5TH
Pawtucket Patriots batting - Pitching for Toronto Canadians : LHP Owen Ward
Batting: RHB Paxton Barnett 0-0: Foul Ball, location: 2F
0-1: Ball
1-1: Foul Ball, location: 2F
1-2: Ground out 4-3 (Groundball, 4, EV 80.6 MPH)
Batting: RHB Keith Friday 0-0: Ball
1-0: Ground out U3 (Groundball, 34, EV 81.9 MPH)
Batting: SHB Jaden Maldonado 0-0: Called Strike
0-1: Fly out, F7 (Flyball, 78D, EV 98.8 MPH)
Bottom of the 5th over - 0 runs, 0 hits, 0 errors, 0 left on base; Toronto 0 - Pawtucket 3
TOP OF THE 6TH
Toronto Canadians batting - Pitching for Pawtucket Patriots : RHP Marc Dillard
Batting: RHB Ryan De Faria 0-0: Ball
1-0: Called Strike
1-1: SINGLE (Groundball, 5S, EV 62.5 MPH) (infield hit)
Batting: LHB Chase Calhoun 0-0: Ball
1-0: Ball
Ryan De Faria steals 2nd base (no throw)
2-0: Fly out, F7 (Flyball, 7, EV 90.6 MPH)
Batting: RHB Olin Keele 0-0: Ball
1-0: Foul Ball, location: 2F
1-1: Ground out U3 (Groundball, 3, EV 93.1 MPH)
Ryan De Faria to third
Batting: LHB Romeo Nester 0-0: Foul Ball, location: 2F
0-1: Ball
1-1: Ball
2-1: Foul Ball, location: 2F
2-2: Strikes out swinging
Top of the 6th over - 0 runs, 1 hit, 0 errors, 1 left on base; Toronto 0 - Pawtucket 3
BOTTOM OF THE 6TH
Pawtucket Patriots batting - Pitching for Toronto Canadians : LHP Owen Ward
Batting: RHB Carter Kocher 0-0: Swinging Strike
0-1: Hit by Pitch
Batting: RHB Burgess Nalivkin 0-0: Called Strike
0-1: Ball
1-1: Called Strike
1-2: Foul Ball, location: 2F
1-2: Strikes out swinging
Batting: RHB Logan Kyle 0-0: Called Strike
0-1: Swinging Strike
0-2: Strikes out looking
Batting: RHB Brayden Carlson 0-0: Ball
1-0: Foul Ball, location: 2F
1-1: Ball
2-1: Called Strike
2-2: Ball
3-2: Base on Balls
Carter Kocher to second
Batting: LHB Benjamin Guy 0-0: Ball
1-0: Swinging Strike
1-1: Ball
2-1: Ball
3-1: Called Strike
3-2: Foul Ball, location: 2F
3-2: Ground out 6-3 (Groundball, 6, EV 83.8 MPH)
Bottom of the 6th over - 0 runs, 0 hits, 0 errors, 2 left on base; Toronto 0 - Pawtucket 3
TOP OF THE 7TH
Toronto Canadians batting - Pitching for Pawtucket Patriots : RHP Marc Dillard
Batting: LHB Braden Tallman 0-0: Ball
1-0: Called Strike
1-1: SINGLE (Line Drive, 7LS, EV 98.8 MPH)
Batting: LHB Reese Bowman Pickoff Throw to First - Out! 1-3 CS
0-0: Foul Ball, location: 2F
0-1: Ball
1-1: Ball
2-1: DOUBLE (Line Drive, 7LS, EV 88.1 MPH)
Batting: RHB Keon Pryor 0-0: Ball
1-0: Foul Ball, location: 2F
1-1: Ball
2-1: Foul Ball, location: 2F
2-2: Strikes out swinging
Batting: RHB Dave Root 0-0: Ball
1-0: Called Strike
1-1: Ball
2-1: Ground out 4-3 (Groundball, 4, EV 85.6 MPH)
Top of the 7th over - 0 runs, 2 hits, 0 errors, 1 left on base; Toronto 0 - Pawtucket 3
BOTTOM OF THE 7TH
Pawtucket Patriots batting - Pitching for Toronto Canadians : LHP Owen Ward
Batting: SHB Cody Janway 0-0: Foul Ball, location: 2F
0-1: Foul Ball, location: 2F
0-2: Ball
1-2: Ball
2-2: SINGLE (Flyball, 4D, EV 88.1 MPH)
Batting: RHB Paxton Barnett 0-0: Ball
Cody Janway is caught stealing 2nd base 2-4
1-0: Called Strike
1-1: Ball
2-1: Foul Ball, location: 2F
2-2: Strikes out looking
Batting: RHB Keith Friday 0-0: Foul Ball, location: 2F
0-1: Ground out 5-3 (Groundball, 56, EV 103.8 MPH)
Bottom of the 7th over - 0 runs, 1 hit, 0 errors, 0 left on base; Toronto 0 - Pawtucket 3
TOP OF THE 8TH
Toronto Canadians batting - Pitching for Pawtucket Patriots : RHP Marc Dillard
Pitching: RHP Gage Curling
Batting: RHB Dave Babb 0-0: SINGLE (Groundball, 6M, EV 101.9 MPH)
Pinch Hitting: LHB Brian Wheat 0-0: Called Strike
0-1: Foul Ball, location: 2F
0-2: Ball
1-2: Foul Ball, location: 2F
1-2: Ball
2-2: Ball
3-2: Strikes out looking
Batting: LHB Chase Calhoun 0-0: Ball
1-0: Called Strike
1-1: Foul Ball, location: 2F
1-2: Strikes out swinging
Batting: RHB Olin Keele 0-0: Called Strike
0-1: DOUBLE (Groundball, 5L, EV 103.1 MPH)
Dave Babb to third
Batting: LHB Romeo Nester 0-0: Called Strike
0-1: Foul Ball, location: 2F
0-2: Ball
1-2: Foul Ball, location: 2F
1-2: SINGLE (Line Drive, 34D, EV 101.9 MPH)
Dave Babb scores
Olin Keele to third
Runner from 3rd tries for Home, SAFE, throw by RF to home
Pitching: LHP Zachary Jackson
Pinch Hitting: RHB Ricky Douglas 0-0: Ball
1-0: Ball
2-0: Foul Ball, location: 2F
2-1: Fly out, F6 (Line Drive, 6, EV 69.4 MPH)
Top of the 8th over - 2 runs, 3 hits, 0 errors, 1 left on base; Toronto 2 - Pawtucket 3
BOTTOM OF THE 8TH
Pawtucket Patriots batting - Pitching for Toronto Canadians : LHP Owen Ward
Now in LF: Ricky Douglas
Now in CF: Brian Wheat
Batting: SHB Jaden Maldonado 0-0: Called Strike
0-1: Ball
1-1: Ball
2-1: Foul Ball, location: 2F
2-2: Ball
3-2: Strikes out swinging
Batting: RHB Carter Kocher 0-0: Ball
1-0: Ball
2-0: Ball
3-0: Called Strike
3-1: Base on Balls
Pitching: RHP Donavon Anway
Batting: RHB Burgess Nalivkin 0-0: Ball
1-0: Ball
2-0: Called Strike
2-1: Fly out, F3 (Popup, 3SF, EV 80.6 MPH)
Batting: RHB Logan Kyle 0-0: Swinging Strike
0-1: Ball
1-1: Swinging Strike
1-2: Foul Ball, location: 2F
1-2: Strikes out looking
Bottom of the 8th over - 0 runs, 0 hits, 0 errors, 1 left on base; Toronto 2 - Pawtucket 3
TOP OF THE 9TH
Toronto Canadians batting - Pitching for Pawtucket Patriots : LHP Zachary Jackson
Pitching: RHP J.D. de Leon
Batting: LHB Reese Bowman 0-0: Ball
1-0: Swinging Strike
1-1: Ball
2-1: Foul Ball, location: 2F
2-2: Ball
3-2: Foul Ball, location: 2F
3-2: Strikes out swinging
Pinch Hitting: LHB Kelvin Kenney 0-0: Ball
1-0: Ball
2-0: Called Strike
2-1: Ball
3-1: Foul Ball, location: 2F
3-2: Foul Ball, location: 2F
3-2: Ground out U3 (Groundball, 34, EV 90.0 MPH)
Pinch Hitting: LHB Evan Dollar 0-0: Ball
1-0: Called Strike
1-1: SINGLE (Groundball, 56S, EV 67.5 MPH) (infield hit)
Batting: RHB Dave Babb 0-0: Ball
1-0: Called Strike
1-1: Ground out 4-3 (Groundball, 34, EV 104.4 MPH)
Top of the 9th over - 0 runs, 1 hit, 0 errors, 1 left on base; Toronto 2 - Pawtucket 3
Monday, April 29th , 2024 - OOTP Baseball 23.10 Build 110